 Dungeon Crawl Stone Soup version 0.23.2-30-g0e89c35649 (webtiles) character file.

Game seed: 15220296516544690709

24 sankara the Slasher (level 2, 0/22 HPs)
             Began as a Demonspawn Gladiator on June 22, 2019.
             Succumbed to an adder's poison
             ... on level 2 of the Dungeon.
             The game lasted 00:03:24 (1053 turns).

sankara the Slasher (Demonspawn Gladiator)          Turns: 1053, Time: 00:03:24

Health: 0/22       AC:  4    Str: 11 (14) XL:     2   Next: 79%
Magic:  2/2        EV: 12    Int:  7 (9)  God:
Gold:   63         SH:  0    Dex: 11 (14) Spells: 1/1 levels left

rFire    . . .     SeeInvis .     - Unarmed
rCold    . . .     Gourm    .   (no shield)
rNeg     . . .     Faith    .   b - +0 leather armour
rPois    .         Spirit   +   c - +0 helmet
rElec    .         Reflect  .   (no cloak)
rCorr    .         Harm     .   (no gloves)
MR       .....                  (no boots)
Stlth    +.........             q - amulet of guardian spirit {Spirit}
HPRegen  0.07/turn              (no ring)
MPRegen  0.08/turn              (no ring)

@: lethally poisoned (0 -> -12), about to teleport, flying
A: claws 1
a: no special abilities


You were on level 2 of the Dungeon.
You were hungry.

You visited 1 branch of the dungeon, and saw 2 of its levels.

You collected 63 gold pieces.

Inventory:

Hand Weapons
 a - a +0 long sword
 n - a +0 dagger
   (You found it on level 1 of the Dungeon)
 o - a +0 mace
   (You found it on level 1 of the Dungeon)
 r - a +0 dagger
   (You found it on level 2 of the Dungeon)
Missiles
 d - 3 throwing nets {=f, !d}
 l - 11 poisoned needles
 m - 92 stones (quivered)
Armour
 b - a +0 leather armour (worn)
 c - a +0 helmet (worn)
Jewellery
 q - an amulet of guardian spirit (around neck) {Spirit}
   (You found it on level 1 of the Dungeon)
Scrolls
 g - a scroll of fog {unknown}
 h - 2 scrolls of enchant armour {unknown}
 i - 2 scrolls of identify {unknown}
 p - a scroll of remove curse {unknown}
Comestibles
 f - 4 rations


   Skills:
 - Level 2.0 Fighting
 - Level 3.1 Long Blades
 - Level 1.7 Throwing
 - Level 2.9 Dodging
 + Level 1.3 Unarmed Combat


You had one spell level left.
You didn't know any spells.
Your spell library was empty.

Dungeon Overview and Level Annotations

Branches:
Dungeon (2/15)

Altars:


Innate Abilities, Weirdness & Mutations

You have sharp fingernails.


Message History

No target in view!
m - 78 stones (gained 24) Magic restored.
Partly explored, can't reach some places.
Partly explored, can't reach some places.
Partly explored, can't reach some places.
(D) Dungeon
Where to? (? - help)
There is a large open door here.
There is a large open door here.
There is a stone staircase leading down here.
You climb downwards.
A goblin comes into view.
The goblin shouts!
Found 14 stones and a robe.
Found a stone staircase leading down.
There is a stone staircase leading up here.
You scratch the goblin.
The goblin is moderately wounded.
A rat comes into view.
The goblin barely misses you.
You scratch the goblin.
You kill the goblin!
You see here a goblin corpse.
You scratch the rat.
The rat is severely wounded.
You scratch the rat.
You kill the rat!
No target in view!
No target in view!
m - 92 stones (gained 14)
r - a dagger
s - a bubbling coppery potion You now have 63 gold pieces (gained 2).
A frilled lizard comes into view.
The frilled lizard hisses angrily.
You closely miss the frilled lizard. The frilled lizard barely misses you.
You scratch the frilled lizard.
The frilled lizard is heavily wounded.
The frilled lizard bites you but does no damage.
You closely miss the frilled lizard.
The frilled lizard is heavily wounded.
The frilled lizard bites you but does no damage.
You scratch the frilled lizard.
You kill the frilled lizard!
No target in view!
No target in view!
An adder comes into view.
No target in view!
No target in view!
No target in view!
No target in view!
The adder hisses angrily.
The adder bites you but does no damage. The adder bites you.
You are poisoned.
The adder poisons you!
You miss the adder.
You feel sick. The adder bites you but does no damage.
You miss the adder. The adder barely misses you.
You miss the adder. The adder misses you.
You miss the adder.
You are feeling hungry.
The adder bites you but does no damage. The adder barely misses you.
You scratch the adder but do no damage.
You feel sick. The adder bites you but does no damage.
You closely miss the adder. The adder bites you.
You are more poisoned.
The adder poisons you!
You barely miss the adder.
You feel sick. The adder barely misses you.
You completely miss the adder. The adder bites you.
You are lethally poisoned!
The adder poisons you! The adder bites you.
You miss the adder.
You feel sick. The adder closely misses you.
You scratch the adder but do no damage.
You feel sick. The adder bites you.
You scratch the adder.
The adder is lightly wounded.
You feel sick. The adder barely misses you.
You closely miss the adder.
The adder is lightly wounded.
You feel sick. The adder bites you.
You are more poisoned.
The adder poisons you! The adder bites you but does no damage.
You scratch the adder.
The adder is heavily wounded.
* * * LOW HITPOINT WARNING * * *
You feel sick. The adder closely misses you.
It was a potion of flight.
You feel very buoyant.
You fly up into the air.
* * * LOW HITPOINT WARNING * * *
You feel sick. The adder bites you but does no damage.
It was a potion of degeneration.
There was something very wrong with that liquid.
You feel weakened.
You feel dopey.
You feel clumsy.
* * * LOW HITPOINT WARNING * * *
You feel sick. The adder barely misses you. The adder bites you.
* * * LOW HITPOINT WARNING * * *
It was a potion of magic.
Magic courses through your body. The adder closely misses you.
As you read the scroll labeled SUDIWYFISA, it crumbles to dust.
You feel strangely unstable.
It was a scroll of teleportation.
You die...

. ### .. ##.# ...
##..# ....
######...## .....
##......#..###...#
#
##..####..#..@S.#
#. #..##
#......###
..##.#####......##
#............#..#
###.....######...#
....#.....# #...#
###....##...
##...# .......# #.
##..# .##....#


You could see an adder.

Vanquished Creatures
  A leopard gecko (D:1)
  4 bats (D:1)
  A giant cockroach (D:1)
  3 hobgoblins (D:1)
  2 jackals (D:1)
  A kobold (D:1)
  A frilled lizard (D:2)
  3 goblins
  7 rats
23 creatures vanquished.

Notes
Turn   | Place    | Note
-------+----------+-------------------------------------------
     0 | D:1      | sankara the Demonspawn Gladiator began the quest for the
                  | Orb.
     0 | D:1      | Reached XP level 1. HP: 16/16 MP: 1/1
   197 | D:1      | Reached skill level 3 in Long Blades
   223 | D:1      | Gained mutation: You have sharp fingernails. [demonic
                  | ancestry]
   223 | D:1      | Reached XP level 2. HP: 21/22 MP: 2/2
   561 | D:1      | Reached skill level 1 in Unarmed Combat
  1050 | D:2      | HP: 5/22 [poisoned by an adder]
  1051 | D:2      | HP: 1/22 [adder (3)]
  1053 | D:2      | Succumbed to an adder's poison

Skill      XL: |  1  2 |
---------------+-------+-----
Long Blades    | 3 |  3.1
Unarmed Combat | 1 |  1.3
Fighting       | |  2.0
Throwing       | |  1.7
Dodging        | |  2.9

Action                   || total
-------------------------++-------
Melee: Long sword        ||    23
       Unarmed           ||    65
  Use: Potion            ||     3
       Scroll            ||     1
 Stab: Sleeping          ||     1
Armor: Leather armour    ||    37
Dodge: Dodged            ||    78
       Rpst.: Long sword ||    10

Levels and vault maps discovered:
D:1:      lightli_molten_gateway, layout_basic, minmay_tromino_v4_c
D:2:      layout_rooms, first_ration

Table legend:
 A = Turns spent in this place as a percentage of turns spent in the entire game.
 B = Non-inter-level travel turns spent in this place as a percentage of non-inter-level travel turns spent in the entire game.
 C = Inter-level travel turns spent in this place as a percentage of turns spent in this place.
 D = Turns resting spent in this place as a percentage of non-inter-level travel turns spent in this place.
 E = Turns spent auto-exploring this place as a percentage of non-inter-level travel turns spent in this place.
 F = Non-inter-level travel turns spent in this place divided by the number of levels of this place that you've seen.
                   A       B       C       D       E      F
               +-------+-------+-------+-------+-------+----------------------
         Total | 100.0 | 100.0 |   3.5 |  30.3 |  49.2 | 508.0
       Dungeon | 100.0 | 100.0 |   3.5 |  30.3 |  49.2 | 508.0
               +-------+-------+-------+-------+-------+----------------------

Table legend:
 A = Kills in this place as a percentage of kills in entire the game.
 B = Kills by you in this place as a percentage of kills by you in the entire game.
 C = Kills by friends in this place as a percentage of kills by friends in the entire game.
 D = Other kills in this place as a percentage of other kills in the entire game.
 E = Experience gained in this place as a percentage of experience gained in the entire game.
 F = Experience gained in this place divided by the number of levels of this place that you have seen.
                   A       B       C       D       E      F
               +-------+-------+-------+-------+-------+----------------------
         Total | 100.0 | 100.0 |   N/A |   N/A | 100.0 |  17.5
       Dungeon | 100.0 | 100.0 |   N/A |   N/A | 100.0 |  17.5
               +-------+-------+-------+-------+-------+----------------------
